 Dungeon Crawl Stone Soup version 0.28-a0-722-gc0678643b6 (webtiles) character file.

Game seed: 1156616790417391941

2924 BlueGoblin the Nimble (level 9, -11/45 (50) HPs)
             Began as a Tengu Monk on Oct 25, 2021.
             Mangled by Harold (14 damage)
             ... on level 7 of the Dungeon.
             The game lasted 00:18:43 (9255 turns).

BlueGoblin the Nimble (Tengu Monk)                  Turns: 9255, Time: 00:18:50

HP:   -11/45 (50)   AC:  4    Str: 11    XL:     9   Next: 79%
MP:   10/10         EV: 28    Int:  9    God:
Gold: 404           SH:  0    Dex: 22    Spells: 8/8 levels left

rFire   + . .      SeeInvis .   a - +1 dagger (venom)
rCold   . . .      Faith    .   (no shield)
rNeg    . . .      Spirit   .   f - +0 robe
rPois   +          Reflect  .   (helmet restricted)
rElec   .          Harm     .   C - +1 cloak
rCorr   .          Rampage  .   (no gloves)
Will    +....                   (boots unavailable)
Stlth   ++........              (no amulet)
HPRegen 0.15/turn               o - ring of poison resistance
MPRegen 0.12/turn               v - ring of protection from fire

@: flying quickly and evasively, heavily drained, quick
A: beak, talons 3, nimble flight, agile 1, dopey 1, strong-willed 1
a: no special abilities


You were on level 7 of the Dungeon.
You visited 2 branches of the dungeon, and saw 8 of its levels.

You collected 404 gold pieces.

Inventory:

Hand Weapons
 a - a +1 dagger of venom (weapon)
 b - a +0 spectral short sword
 p - a +4 dagger
Missiles
 c - 122 bolts
 h - 151 stones
 k - 3 datura-tipped darts
 l - 18 poisoned darts (quivered)
 m - 2 throwing nets
 x - 24 sling bullets
Armour
 f - a +0 robe (worn)
 C - a +1 cloak (worn)
Jewellery
 o - a ring of poison resistance (left hand)
 q - a ring of willpower
 v - a ring of protection from fire (right hand)
Wands
 y - a wand of flame (53)
 A - a wand of iceblast (13)
Scrolls
 j - 4 scrolls of teleportation
 s - a scroll of amnesia
Potions
 d - 2 potions of mutation
 e - 2 potions of haste
 g - 3 potions of curing
 i - 2 potions of attraction
 n - a potion of lignification
 t - a potion of cancellation {unknown}
 u - a potion of might {unknown}
 z - a potion of berserk rage


   Skills:
 - Level 3.0 Fighting
 - Level 3.2 Short Blades
 + Level 14.5 Dodging
 - Level 2.0 Stealth


You had 8 spell levels left.
You didn't know any spells.
Your spell library contained the following spells:

 Spells                   Type           Power      Damage    Failure   Level
 Foxfire                  Conj/Fire      0%         2x1d4     38%         1
 Magic Dart               Conj           0%         1d3       38%         1
 Corpse Rot               Necr/Air       0%         N/A       52%         2
 Ensorcelled Hibernation  Hex/Ice        0%         N/A       52%         2
 Searing Ray              Conj           0%         2d4       52%         2
 Static Discharge         Conj/Air       0%         N/A       52%         2
 Conjure Flame            Conj/Fire      0%         6-21      77%         3
 Frozen Ramparts          Ice            0%         1d2       77%         3
 Ignite Poison            Fire/Tmut/Pois 0%         N/A       77%         3
 Inner Flame              Hex/Fire       0%         N/A       77%         3
 Mephitic Cloud           Conj/Pois/Air  0%         N/A       77%         3
 Ozocubu's Armour         Ice            0%         N/A       77%         3
 Spider Form              Tmut/Pois      0%         N/A       77%         3
 Dispel Undead            Necr           0%         3d6       99%         4
 Flame Wave               Conj/Fire      0%         3d3       99%         4
 Fulminant Prism          Conj/Hex       0%         3d6       99%         4
 Ice Form                 Ice/Tmut       0%         N/A       99%         4
 Sticky Flame             Conj/Fire      0%         2d3       99%         4
 Summon Ice Beast         Ice/Summ       0%         N/A       99%         4
 Freezing Cloud           Conj/Ice/Air   0%         6-21      100%        5
 Death Channel            Necr           0%         N/A       100%        6
 Malign Gateway           Summ/Tloc      0%         N/A       100%        7
 Ozocubu's Refrigeration  Ice            0%         4d5       100%        7
 Summon Horrible Things   Summ           0%         N/A       100%        8


Dungeon Overview and Level Annotations

Branches:
Dungeon (7/15)             Temple (1/1) D:7

Altars:
Ashenzari
Cheibriados
Gozag
Hepliaklqana
Makhleb
Nemelex Xobeh
Okawaru
Qazlal
Ru
Sif Muna
Trog
Uskayaw
Vehumet
Wu Jian
Yredelemnul
Zin
The Shining One

Shops:
D:5 !*

Annotations:
D:7 Harold


Innate Abilities, Weirdness & Mutations

You have a beak for a mouth.
You have claws for feet.
Your magical nature lets you fly swiftly and evasively.
You are agile. (Dex +2)
You are dopey. (Int -2)
You are strong-willed. (Will+)


Message History

Harold considers, "I think I'll use your bounty to get a cattle farm..."
Throw: 21 darts (poison)
Press: ? - help, Q - select action, (/) - cycle Shift-Dir - straight line, f/p - Harold
Aim: Harold, wielding a +6 long sword of draining, wearing a +1 chain mail of fire resistance and quivering 3 throwing nets (77% to hit)
You throw a poisoned dart. The poisoned dart hits Harold.
Harold throws a throwing net.
The throwing net misses you.
Throw: 20 darts (poison)
Press: ? - help, Q - select action, (/) - cycle Shift-Dir - straight line, f/p - Harold
Aim: Harold, wielding a +6 long sword of draining, wearing a +1 chain mail of fire resistance and quivering 2 throwing nets (77% to hit)
You throw a poisoned dart. The poisoned dart hits Harold.
Harold thinks, and says "Perhaps I'll take up fishing after I'm done here..."
Throw: 19 darts (poison)
Press: ? - help, Q - select action, (/) - cycle Shift-Dir - straight line, f/p - Harold
Aim: Harold, wielding a +6 long sword of draining, wearing a +1 chain mail of fire resistance and quivering 2 throwing nets (77% to hit)
You throw a poisoned dart.
The poisoned dart completely misses Harold.
Your +1 dagger of venom begins to drip with poison!
a - a +1 dagger of venom (weapon)
Harold hits you with a +6 long sword of draining!
You feel drained.
You barely miss Harold. You claw Harold. You peck Harold.
Harold is lightly wounded.
Harold misses you.
You hit Harold but do no damage. You peck Harold, but do no damage.
Harold is lightly wounded.
You hit Harold but do no damage.
Harold is poisoned.
You claw Harold, but do no damage.
Harold is lightly wounded.
Harold completely misses you.
You barely miss Harold. Your kick misses Harold.
Harold is lightly wounded.
Harold closely misses you.
You hit Harold but do no damage.
Harold looks even sicker.
You claw Harold. You peck Harold, but do no damage.
Harold is lightly wounded.
Harold hits you with a +6 long sword of draining!!
Ouch! That really hurt!
* * * LOW HITPOINT WARNING * * *
You feel drained.
You die...

.#...(##......#
...>.......(......##
...........##......#
...................###### ...
...........###......#..### ..#
...........((.##........#
..####.#............#.#.....##
... #..#........@.....##.####
..## #..........@##..#####
...#####.............(##
..###..................#
...................#.###
...##.........(.#....##
..####.###......#.....##
.[...#.###........>....##..#
........###.......[........#.
.....#.## #..................


You could see Harold (very poisoned).

Vanquished Creatures
  Sigmund (D:6)
  A water moccasin (D:6)
  A black bear (D:7)
  3 sky beasts
  An ice beast (D:5)
  2 ogres
  3 centaurs
  2 phantoms
  2 bullfrogs
  A scorpion (D:3)
  A water moccasin zombie (D:6)
  10 wights
  2 centaur zombies
  A centaur skeleton (D:5)
  A hound (D:5)
  An orc priest (D:6)
  2 iguanas (D:5)
  Natasha (thrice) (D:4)
  4 orc wizards
  A hound zombie (D:5)
  2 howler monkey zombies
  9 gnolls
  10 adders
  A shadow imp (D:6)
  An ufetubus (D:5)
  2 worms
  3 dart slugs
  20 orcs
  7 ball pythons
  8 endoplasms
  4 giant cockroaches
  10 goblins
  6 hobgoblins
  4 jackals (D:1)
  9 kobolds
  5 quokkas
  2 bats (D:3)
  8 frilled lizards
  10 rats
164 creatures vanquished.

Vanquished Creatures (others)
  3 fungi (D:3)
3 creatures vanquished.

Grand Total: 167 creatures vanquished

Notes
Turn   | Place    | Note
-------+----------+-------------------------------------------
     0 | D:1      | BlueGoblin the Tengu Monk began the quest for the Orb.
     0 | D:1      | Reached XP level 1. HP: 14/14 MP: 2/2
    32 | D:1      | Found a faded altar of an unknown god.
    43 | D:1      | Reached XP level 2. HP: 18/19 MP: 3/3
    51 | D:1      | Reached skill level 4 in Dodging
   470 | D:1      | Reached XP level 3. HP: 23/23 MP: 4/4
   918 | D:2      | Reached skill level 5 in Dodging
  1606 | D:2      | Reached XP level 4. HP: 23/28 MP: 5/5
  2185 | D:2      | Reached skill level 6 in Dodging
  2295 | D:2      | Gained mutation: Your magical nature lets you fly swiftly
                  | and evasively. [Tengu growth]
  2295 | D:2      | Reached XP level 5. HP: 29/32 MP: 6/6
  3450 | D:3      | Found a burning altar of Makhleb.
  4099 | D:3      | Reached skill level 7 in Dodging
  4099 | D:3      | Reached XP level 6. HP: 29/37 MP: 7/7
  4342 | D:4      | Noticed a +0 spear
  4342 | D:4      | Noticed a +0 dagger
  4343 | D:4      | Noticed a +0 falchion
  4343 | D:4      | Noticed a +0 short sword
  4343 | D:4      | Noticed a +0 falchion
  4344 | D:4      | Noticed a +0 dagger
  4344 | D:4      | Noticed a +0 spear
  4345 | D:4      | Noticed a +0 short sword
  4349 | D:4      | Found a hide-covered altar of Uskayaw.
  4350 | D:4      | Noticed Natasha
  4357 | D:4      | Killed Natasha
  4378 | D:4      | Reached skill level 8 in Dodging
  4587 | D:4      | Noticed Natasha
  4593 | D:4      | Killed Natasha
  4624 | D:4      | Noticed Natasha
  4630 | D:4      | Killed Natasha
  4740 | D:4      | Reached XP level 7. HP: 37/41 MP: 8/8
  4813 | D:5      | Entered Level 5 of the Dungeon
  4971 | D:5      | Found Jiremodisa's Distillery.
  5023 | D:5      | Reached skill level 9 in Dodging
  5363 | D:5      | Reached skill level 10 in Dodging
  5363 | D:5      | Reached XP level 8. HP: 37/46 MP: 9/9
  5883 | D:5      | Found Dongoyck's Assorted Antiques.
  6993 | D:5      | Reached skill level 11 in Dodging
  7331 | D:6      | Found an iron altar of Okawaru.
  7378 | D:6      | Reached skill level 12 in Dodging
  7561 | D:6      | Reached XP level 9. HP: 37/50 MP: 10/10
  7657 | D:6      | Found a broken altar of Ashenzari.
  7665 | D:6      | Noticed Sigmund
  7704 | D:6      | Killed Sigmund
  7854 | D:6      | Reached skill level 13 in Dodging
  8154 | D:6      | Found a sacrificial altar of Ru.
  8248 | D:6      | Gained mutation: You are agile. (Dex +2) [potion of
                  | mutation]
  8248 | D:6      | Gained mutation: You are strong-willed. (Will+) [potion of
                  | mutation]
  8248 | D:6      | Gained mutation: You are dopey. (Int -2) [potion of
                  | mutation]
  8538 | D:7      | Found a staircase to the Ecumenical Temple.
  8555 | D:7      | Reached skill level 14 in Dodging
  8746 | Temple   | Entered the Ecumenical Temple
  9237 | D:7      | Noticed Harold
  9255 | D:7      | Mangled by Harold

Illustrated notes

Levels and vault maps discovered:
D:1:      psy_arrival_terrarium, layout_rooms, ebering_ecumenical_altar_webs
D:2:      layout_basic
D:3:      layout_basic, mainiacjoe_overflow_boulevard,
          minmay_misc_feat_ornament, fountainhead, minmay_pentangle
D:4:      layout_rooms, nicolae_uskayaw_en_pointe, kennysheep_generic_room_13,
          uniq_natasha
D:5:      layout_basic, serial_shops, shop, nicolae_inconvenience_store,
          minmay_fractal_squares_diagonal_5
D:6:      layout_loops_ring, nicolae_ru_path_of_blood,
          okawaru_altar_gauntlet_db, lemuel_doored_altar, uniq_sigmund
D:7:      layout_cave_pools, marbit_many_paths, kennysheep_mini_moat,
          minmay_temple_entry_offerings, kennysheep_path_1,
          minmay_ruined_shrine, uniq_harold
Temple:   nicolae_temple_hex_pool

Skill      XL: |  1  2  3  4  5  6  7  8  9 |
---------------+----------------------------+-----
Dodging        | 4 5 6 7 8 10 12 14 | 14.5
Fighting       | |  3.0
Short Blades   | |  3.2
Stealth        | |  2.0

Action                   |  1- 3 |  4- 6 |  7- 9 || total
-------------------------+-------+-------+-------++-------
Melee: Short sword       |    34 |       |    49 ||    83
       Peck              |    12 |    29 |    86 ||   127
       Kick              |    19 |    62 |   130 ||   211
       Dagger            |    38 |   174 |   245 ||   457
Throw: Dart              |       |       |     5 ||     5
  Use: Scroll            |       |     2 |    10 ||    12
       Potion            |       |       |     2 ||     2
 Stab: Sleeping          |     8 |     2 |     2 ||    12
       Distracted        |       |     2 |     2 ||     4
Armor: Robe              |     7 |    16 |    17 ||    40
Dodge: Dodged            |    40 |   133 |   318 ||   491

Table legend: (Time is in decaauts)
 A = Elapsed time spent in this place.
 B = Non-inter-level travel time spent in this place.
 C = Inter-level travel time spent in this place.
 D = Time resting spent in this place.
 E = Time spent auto-exploring this place.
 F = Levels seen in this place.
 G = Mean time per level.
                   A        B        C        D        E       F      G
               +--------+--------+--------+--------+--------+-----+--------+
         Total |   8837 |   8432 |    405 |   2154 |   4707 |   8 | 1104.6 |
       Dungeon |   8773 |   8371 |    402 |   2154 |   4659 |   7 | 1253.3 |
        Temple |     63 |     60 |      3 |      0 |     47 |   1 |   63.0 |
               +--------+--------+--------+--------+--------+-----+--------+

Top non-repeatable levels by time:
     D:5: 1949 daAuts
     D:2: 1600 daAuts
     D:6: 1443 daAuts
     D:1: 1350 daAuts
     D:3: 1112 daAuts
     D:4: 792 daAuts
     D:7: 524 daAuts
  Temple: 63 daAuts
